 Dungeon Crawl Stone Soup version 0.23.2-1-ga50397a (webtiles) character file.

Game seed: 16312149610519666656

254 Iscandelvey the Vexing (level 5, -4/37 HPs)
             Began as a Demonspawn Arcane Marksman on May 11, 2019.
             Killed from afar by Natasha (8 damage)
             ... with a magic dart
             ... on level 3 of the Dungeon.
             The game lasted 00:11:03 (3526 turns).

Iscandelvey the Vexing (Demonspawn Arcane Marksman) Turns: 3526, Time: 00:11:05

Health: -4/37      AC:  5    Str: 15    XL:     5   Next: 90%
Magic:  4/9        EV: 11    Int: 15    God:
Gold:   131        SH:  0    Dex: 13    Spells: 7/10 levels left

rFire    . . .     SeeInvis .   v - +0 trident (curse)
rCold    . . .     Gourm    .   (no shield)
rNeg     . . .     Faith    .   y - +0 ring mail (curse)
rPois    .         Spirit   .   (no helmet)
rElec    .         Reflect  .   (no cloak)
rCorr    .         Harm     .   (no gloves)
MR       .....                  (no boots)
Stlth    +.........             q - amulet of rage
HPRegen  0.12/turn              c - +4 ring of strength
MPRegen  0.11/turn              (no ring)

@: no status effects
A: talons 2, powered by death 1
a: Evoke Berserk Rage


You were on level 3 of the Dungeon.
You were not hungry.

You visited 1 branch of the dungeon, and saw 3 of its levels.

You collected 131 gold pieces.

Inventory:

Hand Weapons
 a - a +0 hand crossbow
 i - a +0 club
 v - a cursed +0 trident (weapon)
 x - a +1 short sword of freezing
Missiles
 d - 34 bolts
 l - 22 sling bullets
Armour
 e - a +0 robe
 u - a +0 scale mail
 y - a cursed +0 ring mail (worn)
Jewellery
 c - a +4 ring of strength (left hand)
 q - an amulet of rage (around neck)
Wands
 p - a wand of acid (11)
Scrolls
 b - 4 scrolls of identify
 h - a scroll of teleportation {unknown}
 j - a scroll of fog {unknown}
 m - a scroll of blinking {unknown}
 n - 3 scrolls of remove curse
 o - a scroll of enchant weapon {unknown}
Potions
 g - a potion of cancellation
 k - a potion of heal wounds {unknown}
 r - a potion of mutation {unknown}
 s - a potion of curing {unknown}
 w - a potion of agility {unknown}
Comestibles
 f - a ration


   Skills:
 - Level 1.0 Fighting
 * Level 3.4 Crossbows
 + Level 2.7 Dodging
 * Level 3.0 Spellcasting
 + Level 4.0 Hexes


You had 7 spell levels left.
You knew the following spells:

 Your Spells              Type           Power        Failure   Level  Hunger
a - Corona                Hex            ##.....      8%          1    #......
b - Slow                  Hex            ##......     12%         2    ##.....

Your spell library contained the following spells:

 Spells                   Type           Power        Failure   Level  Hunger
 Inner Flame              Hex/Fire       #.......     45%         3    ###....
 Portal Projectile        Hex/Tloc       #.....       45%         3    ###....
 Cause Fear               Hex            ##........   58%         4    #####..
 Leda's Liquefaction      Hex/Erth       #.........   86%         4    #####..


Dungeon Overview and Level Annotations

Branches:
Dungeon (3/15)

Altars:
Cheibriados
Gozag

Annotations:
D:2 Terence
D:3 Natasha


Innate Abilities, Weirdness & Mutations

You have razor-sharp toenails.
You regenerate a little health from kills.


Message History

Press: ? - help, Shift-Dir - straight line, f/p - Natasha
Aim: Natasha (heavily wounded, chance to defeat MR: 50%) Natasha resists with significant effort.
Natasha claws you. Natasha claws you!
* * * LOW HITPOINT WARNING * * *
Casting: Slow (safe; 12% risk of failure)
Confirm with . or Enter, or press ? or * to list all spells.
Aiming: Corona (safe; 8% risk of failure)
Press: ? - help, Shift-Dir - straight line, f/p - Natasha
Aim: Natasha (heavily wounded, chance to defeat MR: 50%) Natasha struggles to resist.
Natasha claws you!
* * * LOW HITPOINT WARNING * * *
It was a potion of cancellation.
Your magical effects are unravelling.
You feel magically purged.
You feel yourself speed up. Natasha barely misses you.
Natasha stares at you and mumbles some strange words.
The magic dart hits you!
You die...

#.......[...#### . ####
#####..#.#### . ...# #..#.# #
#..# ########..#.#
#..#####.....##..#.#
#........###.##..#.#
########........# #.....#.######
........>......h###.#..........##
########..#.#...@......##........
#......>...######.########.##
#.####<.##รท# #.# #.# #.# #..##.#
#.. ... #.# #..##.# #..# .#..# #
#.# #..##.# #..# #.#..# # #.#
#..##.# #..# # ...# # #.# #.<##.#
##.# #####.####..#...


You could see Natasha.

Vanquished Creatures
  A black bear (D:3)
  A jelly (D:3)
  Natasha (D:3)
  5 adders
  An ooze (D:2)
  2 worms (D:3)
  3 dart slugs (D:1)
  A leopard gecko (D:1)
  A giant cockroach (D:3)
  5 goblins
  6 hobgoblins
  6 jackals (D:1)
  4 kobolds
  2 ball pythons
  9 bats
  A frilled lizard (D:1)
  5 rats
54 creatures vanquished.

Notes
Turn   | Place    | Note
-------+----------+-------------------------------------------
     0 | D:1      | Iscandelvey the Demonspawn Arcane Marksman began the quest
                  | for the Orb.
     0 | D:1      | Reached XP level 1. HP: 15/15 MP: 2/2
    63 | D:1      | Gained mutation: You regenerate a little health from kills.
                  | [demonic ancestry]
    63 | D:1      | Reached XP level 2. HP: 21/21 MP: 3/3
    67 | D:1      | Learned a level 2 spell: Slow
   734 | D:1      | Reached XP level 3. HP: 10/26 MP: 5/5
  1965 | D:2      | Found an opulent altar of Gozag.
  2022 | D:2      | Gained mutation: You have sharp toenails. [demonic
                  | ancestry]
  2022 | D:2      | Reached XP level 4. HP: 21/32 MP: 7/7
  2445 | D:2      | Noticed Terence
  2557 | D:2      | Found a snail-covered altar of Cheibriados.
  2923 | D:3      | Noticed a black bear
  2930 | D:3      | Killed a black bear
  2930 | D:3      | Gained mutation: You have razor-sharp toenails. [demonic
                  | ancestry]
  2930 | D:3      | Reached XP level 5. HP: 34/37 MP: 3/9
  3234 | D:3      | Noticed Natasha
  3244 | D:3      | Killed Natasha
  3244 | D:3      | Reached skill level 4 in Hexes
  3516 | D:3      | Noticed Natasha
  3526 | D:3      | Killed from afar by Natasha

Skill      XL: |  1  2  3  4  5 |
---------------+----------------+-----
Crossbows      | 2 3 |  3.4
Dodging        | 2 |  2.7
Spellcasting   | 2 3 |  3.0
Hexes          | 4 |  4.0
Fighting       | |  1.0

Action                   |  1- 3 |  4- 6 || total
-------------------------+-------+-------++-------
Melee: Club              |   151 |    24 ||   175
       Unarmed           |    22 |       ||    22
       Kick              |       |     9 ||     9
       Trident           |       |    31 ||    31
 Fire: Hand crossbow     |    15 |    10 ||    25
 Cast: Slow              |     3 |    10 ||    13
       Corona            |     2 |    11 ||    13
  Use: Scroll            |       |     1 ||     1
       Potion            |       |     1 ||     1
 Stab: Sleeping          |     3 |       ||     3
  Eat: Chunk             |     4 |     6 ||    10
Armor: Robe              |    55 |    10 ||    65
       Scale mail        |       |     7 ||     7
Dodge: Dodged            |   186 |    43 ||   229
